 Dungeon Crawl Stone Soup version 0.16-a0-702-gf4f471d (webtiles) character file.

61 PolkaDot the Insei (level 3, 0/29 HPs)
             Began as a Draconian Transmuter on Sept 20, 2014.
             Slain by a gnoll
             ... wielding a +0 club
              (9 damage)
             ... on Level 2 of the Dungeon.
             The game lasted 00:03:33 (2297 turns).

PolkaDot the Insei (Draconian Transmuter)           Turns: 2297, Time: 00:03:33

HP   0/29        AC  5     Str 12      XL: 3   Next: 83%
MP   5/6         EV 12     Int 13      God:
Gold 77          SH  0     Dex 12      Spells:  1 memorised,  5 levels left

rFire  . . .     SeeInvis .       - Unarmed
rCold  . . .     Clarity  .     (armour unavailable)
rNeg   . . .     rCorr    .     (no shield)
rPois  .         rRot     .     (helmet restricted)
rElec  .         Spirit   .     (no cloak)
SustAb .         Warding  .     (no gloves)
rMut   .         Stasis   .     (no boots)
Gourm  .                        (no amulet)
MR     .....                    (no ring)
                                (no ring)

@: appendage (expiring), not resistant to hostile enchantments, very unstealthy
A: unfitting armour, horns 2, cold-blooded, AC +5
a: End Transformation


You were on level 2 of the Dungeon.
You were not hungry.
You had grown temporary horns.
You visited 1 branch of the dungeon, and saw 2 of its levels.

You collected 77 gold pieces.

Inventory:

Missiles
 b - 12 arrows
Comestibles
 h - 2 beef jerkies
 i - 3 meat rations
 p - a rotting chunk of jackal flesh
 t - a slice of pizza
Scrolls
 e - a scroll of enchant armour {unknown}
 g - 2 scrolls of amnesia {unknown}
 j - 2 scrolls of remove curse {unknown}
 s - 2 scrolls of fear {unknown}
 u - a scroll of magic mapping {unknown}
Potions
 c - a potion of cure mutation {!q}
 l - a potion of agility
 m - a potion of resistance
 n - a potion of heal wounds
 o - a potion of invisibility {unknown}
Books
 d - a book of Changes

   Spells                             Type                      Level
   *Beastly Appendage                 Transmutation                1
   Sticks to Snakes                   Transmutation                2
   Spider Form                        Transmutation/Poison         3
   Ice Form                           Ice/Transmutation            4
   Blade Hands                        Transmutation                5


   Skills:
 + Level 2.1 Fighting
 - Level 1.7 Dodging
 * Level 3.9 Unarmed Combat
 - Level 2.0 Spellcasting
 + Level 2.8 Transmutations


You had 5 spell levels left.
You knew the following spells:

 Your Spells              Type           Power        Failure   Level  Hunger
a - Beastly Appendage     Trmt           #.....       10%         1    ##.....


Dungeon Overview and Level Annotations

Branches:
Dungeon (2/15)

Altars:


Innate Abilities, Weirdness & Mutations

Your plain brown scales are hard (AC +5).
Your body does not fit into most forms of armour.
Your cold-blooded metabolism reacts poorly to cold.
You have a pair of horns on your head.


Message History

The gnoll is heavily wounded.
The gnoll barely misses you.
You hit the gnoll but do no damage. Your headbutt misses the gnoll.
The gnoll is heavily wounded.
The gnoll hits you with a club.
* * * LOW HITPOINT WARNING * * *
You hit the gnoll.
The gnoll is severely wounded.
The gnoll hits you but does no damage.
You closely miss the gnoll.
Your tail-slap misses the gnoll.
The gnoll is severely wounded.
The gnoll hits you with a club!
* * * LOW HITPOINT WARNING * * *
You hit the gnoll but do no damage.
The gnoll is severely wounded.
Your transformation is almost over.
You hit the gnoll but do no damage.
The gnoll is severely wounded.
The gnoll hits you with a club!
You die...

♣♣♣♣......#....###..####.......
♣♣P.♣♣...............# #.######
♣....♣...#.#....###..# #.# ##
.P..♣.♣...#.##.#.# #..####.# #.
♣..P♣♣....#....#.# #♣.♣....#####.
♣♣♣♣♣♣♣...#.####.# ♣.♣.......##.
..........#...##.###♣.♣.#####.##.
.#.#......#.........♣.♣.# #.##.
......###.###.##@###♣.♣## #.##.
.......##.###.##g# #♣.♣# ####.##.
...#..........##g# #...# #......>
..........###.##g###.#.# #.##.###
...#..........%.K##..#.# #.##.#
.###...###.##.##.##..#.# #.##.#
..##...# #........(..#.###.##.#
..##.#.###.##.##.#.###........#
..##.#.....##.##.#.# #####.####


You could see 3 gnolls and a kobold.

Vanquished Creatures
  3 adders (D:2)
  A ball python (D:1)
  5 goblins
  4 hobgoblins
  4 jackals
  5 bats
  3 giant newts
  4 kobolds
  6 rats
35 creatures vanquished.

Notes
Turn   | Place    | Note
--------------------------------------------------------------
     0 | D:1      | PolkaDot, the Draconian Transmuter, began the quest for the Orb.
     0 | D:1      | Reached XP level 1. HP: 16/16 MP: 3/3
   435 | D:1      | Reached XP level 2. HP: 21/23 MP: 4/4
  1236 | D:2      | Reached XP level 3. HP: 12/28 MP: 3/6
  2297 | D:2      | Slain by a gnoll

Action                   || total
-------------------------++-------
Melee: Unarmed           ||   138
 Cast: Beastly Appendage ||     9
  Use: Scroll            ||     4
  Eat: Chunk             ||     1
       Bread ration      ||     1
